 Dungeon Crawl Stone Soup version 0.18-a0-1677-g2bdad6c (webtiles) character file.

4324 Woebin the Blocker (level 10, 0/88 HPs)
             Began as a Hill Orc Fighter on Mar 31, 2016.
             Was a Believer of Beogh.
             Slain by a blink frog (7 damage)
             ... on level 1 of the Lair of Beasts on Apr 2, 2016.
             The game lasted 00:52:57 (9435 turns).

Woebin the Blocker (Hill Orc Fighter)               Turns: 9435, Time: 00:52:58

Health: 0/88       AC: 14    Str: 23    XL:     10   Next: 33%
Magic:  10/10      EV:  5    Int:  3    God:    Beogh [**....]
Gold:   470        SH: 12    Dex:  8    Spells: 1 memorised, 8 levels left

rFire  + . .     SeeInvis .     d - +2 long sword (distort)
rCold  + . .     Gourm    .     l - +3 ring mail of the Special Ships {rPois rC++ Int-5 Stlth+}
rNeg   . . .     Faith    +     c - +0 shield
rPois  +         Spirit   .     (helmet restricted)
rElec  .         Dismiss  .     h - +2 cloak {rPois}
rCorr  .         Reflect  .     e - +0 pair of gloves
SustAt .         Harm     .     (no boots)
MR     .....                    T - amulet of faith
Stlth  ++........               J - +2 ring of slaying
                                z - ring of fire

@: not resistant to hostile enchantments, unstealthy
A: antennae 1, blurry vision 1, clumsy 1
a: Smiting, Renounce Religion


You were on level 1 of the Lair of Beasts.
You worshipped Beogh.
Beogh was pleased with you.
You were not hungry.

You visited 3 branches of the dungeon, and saw 11 of its levels.

You collected 470 gold pieces.

Inventory:

Hand Weapons
 a - a +0 war axe
 b - a +0 hunting sling
 d - a +2 long sword of distortion (weapon)
 A - a +0 battleaxe
 F - a +0 flail of protection
 I - a +2 flail of holy wrath
Missiles
 t - 7 steel sling bullets
 w - 63 sling bullets
Armour
 c - a +0 shield (worn)
 e - a +0 pair of gloves (worn)
 h - a +2 cloak of poison resistance (worn)
 l - the +3 ring mail of the Special Ships (worn) {rPois rC++ Int-5 Stlth+}
   (You found it on level 6 of the Dungeon)

   It affects your intelligence (-5).
   It greatly protects you from cold.
   It protects you from poison.
   It makes you more stealthy.
Jewellery
 m - an uncursed ring of resist corrosion
 n - a +6 ring of intelligence
 r - an uncursed amulet of dismissal
 z - a ring of fire (left hand)
 J - a +2 ring of slaying (right hand)
 T - an amulet of faith (around neck)
Wands
 u - a wand of lightning (10/15)
 y - a wand of polymorph (15/24)
 G - a wand of teleportation (0/9)
 K - a wand of lightning (11/15)
 M - a wand of lightning (4/15)
 R - a wand of disintegration (15/24)
Scrolls
 i - 3 scrolls of recharging {unknown}
 k - 2 scrolls of enchant armour {unknown}
 p - 3 scrolls of fog
 q - 3 scrolls of identify
 s - 2 scrolls of teleportation {unknown}
 v - 2 scrolls of blinking
 x - 3 scrolls of remove curse
 B - a scroll of immolation {unknown}
 D - a scroll of amnesia {unknown}
 L - 2 scrolls of fear {unknown}
 Q - a scroll of magic mapping {unknown}
Potions
 g - 4 potions of curing
 C - a potion of resistance
 E - a potion of agility
 H - a potion of might
Books
 N - a book of Death

   Spells                             Type                      Level
   a - Corpse Rot                     Necromancy                   2
   b - Sublimation of Blood           Necromancy                   2
   c - Agony                          Necromancy                   5
   d - Dispel Undead                  Necromancy                   5
   e - Excruciating Wounds            Charms/Necromancy            5
   f - Bolt of Draining               Conjuration/Necromancy       5
 P - a book of Clouds

   Spells                             Type                      Level
   a - Mephitic Cloud                 Conjuration/Poison/Air       3
   b - Conjure Flame                  Conjuration/Fire             3
   c - Poisonous Cloud                Conjuration/Poison/Air       6
   d - Freezing Cloud                 Conjuration/Ice/Air          6
   e - Ring of Flames                 Charms/Fire                  7
Comestibles
 f - 5 bread rations
 j - 7 fruits
 o - 2 slices of pizza
 O - a meat ration


   Skills:
 + Level 8.0 Fighting
 + Level 6.6 Long Blades
 + Level 5.8 Axes
 + Level 1.0 Slings
 + Level 7.0 Armour
 + Level 3.3 Dodging
 + Level 2.0 Stealth
 + Level 9.5 Shields
 + Level 0.5 Spellcasting
 + Level 0.2 Necromancy


You had 8 spell levels left.
You knew the following spells:

 Your Spells              Type           Power        Failure   Level  Hunger
a - Corpse Rot            Necr           N/A          100%        2    ###....


Dungeon Overview and Level Annotations

Branches:
Dungeon (9/15)             Temple (1/1) D:5            Lair (1/8) D:9
    Orc: D:9-12

Altars:
Ashenzari
Cheibriados
Dithmenos
Elyvilon
Fedhas
Gozag
Kikubaaqudgha
Makhleb
Nemelex Xobeh
Okawaru
Pakellas
Qazlal
Ru
Sif Muna
Trog
Vehumet
Xom
Yredelemnul
Zin
The Shining One

Shops:
D:8 !

Annotations:
D:5 Prince Ribbit


Innate Abilities, Weirdness & Mutations

You have a pair of small antennae on your head.
Scrolls take you a little longer to read.
You are clumsy. (Dex -2)


Message History

Found a stone staircase leading down.
You hit the blink frog.
The blink frog basks in the distortional energy.
The blink frog is lightly wounded.
You block the blink frog's attack. x2
The blink frog hits you but does no damage.
You closely miss the blink frog. The blink frog hits you!
* * * LOW HITPOINT WARNING * * *
The blink frog blinks! x2
You are too injured to fight recklessly!
The blink frog hits you but does no damage.
You block the blink frog's attack. The blink frog hits you!
* * * LOW HITPOINT WARNING * * *
Your magical contamination has completely faded away.
There is a staircase back to the Dungeon here.
The blink frog hits you but does no damage.
The blink frog hits you.
* * * LOW HITPOINT WARNING * * *
The blink frog blinks!
The blink frog hits you!
You die...

###.).#..)...
?.......#P.#
.##.P.......#
.....F......#
.....t_...#
?..##.......#
........)...#
....#.#..FF.##
) #...F@..P#
#.....ยง...##
#.#......## #
#.....##
##...## #...#
##..# #..


You could see 4 blink frogs and a crocodile.

Vanquished Creatures
  Grinder (D:3)
  A blink frog (Lair:1)
  Sigmund (D:5)
  A wyvern (D:8)
  A hungry ghost (D:7)
  Edmund (D:5)
  2 hell hounds (D:9)
  3 orc warriors
  The ghost of 4thArraOfDagon the Chopper, an amateur HOFi (D:3)
  A black bear (D:7)
  An ice beast (D:5)
  4 centaurs
  6 ogres
  Blork the orc (D:5)
  A big kobold (D:8)
  5 giant frogs
  A howler monkey (D:7)
  A centaur zombie (D:8)
  A crimson imp (D:6)
  A giant frog zombie (D:5)
  2 hounds (D:5)
  A jelly (D:6)
  3 orc priests
  4 orc wizards
  2 iguanas (D:5)
  9 worker ants
  A killer bee zombie (D:8)
  A hound skeleton (D:5)
  4 gnolls (D:3)
  10 adders
  2 river rats (D:5)
  An adder skeleton (D:4)
  A worm (D:5)
  2 dart slugs
  7 giant geckos
  19 orcs
  7 giant cockroaches
  9 goblins
  10 hobgoblins
  18 jackals
  18 kobolds
  3 quokkas
  5 bats
  A giant gecko zombie (D:8)
  8 giant newts
  A jackal zombie (D:6)
  10 rats
194 creatures vanquished.

Vanquished Creatures (others)
  An ugly thing (D:8)
  A giant frog (D:9)
  A giant frog skeleton (D:6)
  A jackal (D:6)
4 creatures vanquished.

Grand Total: 198 creatures vanquished

Notes
Turn   | Place    | Note
--------------------------------------------------------------
     0 | D:1      | Woebin the Hill Orc Fighter began the quest for the Orb.
     0 | D:1      | Reached XP level 1. HP: 19/19 MP: 1/1
   148 | D:1      | Reached XP level 2. HP: 27/27 MP: 2/2
   417 | D:1      | Reached XP level 3. HP: 33/33 MP: 3/3
   958 | D:2      | Upgraded the game from 0.18-a0-1666-g3ea6f2b to 0.18-a0-1677-g2bdad6c
  1240 | D:2      | Reached XP level 4. HP: 40/41 MP: 4/4
  1438 | D:2      | Reached skill level 4 in Shields
  1964 | D:3      | Noticed a giant frog
  1972 | D:3      | Killed a giant frog
  1972 | D:3      | Reached XP level 5. HP: 41/47 MP: 5/5
  1996 | D:3      | Found a sparkling altar of Nemelex Xobeh.
  2043 | D:3      | Noticed Grinder
  2046 | D:3      | Paralysed by Grinder for 3 turns
  2067 | D:3      | Killed Grinder
  2067 | D:3      | Reached skill level 5 in Fighting
  2067 | D:3      | Reached skill level 5 in Axes
  2067 | D:3      | Reached skill level 5 in Shields
  2067 | D:3      | Reached XP level 6. HP: 16/56 MP: 6/6
  2619 | D:3      | Noticed 4thArraOfDagon's ghost (amateur HOFi)
  2663 | D:3      | Killed 4thArraOfDagon's ghost
  2663 | D:3      | Reached XP level 7. HP: 25/61 MP: 7/7
  3743 | D:4      | Reached skill level 1 in Slings
  3887 | D:4      | Became a worshipper of Beogh the Brigand
  4104 | D:5      | Entered Level 5 of the Dungeon
  4123 | D:5      | Reached skill level 1 in Long Blades
  4132 | D:5      | Reached skill level 5 in Armour
  4132 | D:5      | Reached skill level 6 in Shields
  4159 | D:5      | Found an iron altar of Okawaru.
  4160 | D:5      | Found an oddly glowing altar of Pakellas.
  4160 | D:5      | Found a stormy altar of Qazlal.
  4169 | D:5      | Found a blossoming altar of Fedhas.
  4169 | D:5      | Found a snail-covered altar of Cheibriados.
  4172 | D:5      | Found a glowing silver altar of Zin.
  4211 | D:5      | Reached XP level 8. HP: 56/70 MP: 8/8
  4229 | D:5      | Noticed Edmund
  4241 | D:5      | Killed Edmund
  4329 | D:5      | Found a sacrificial altar of Ru.
  4433 | D:5      | Noticed Sigmund
  4441 | D:5      | Reached skill level 1 in Dodging
  4451 | D:5      | Killed Sigmund
  4635 | D:5      | Found a staircase to the Ecumenical Temple.
  4640 | D:5      | Noticed Blork the orc
  4647 | D:5      | Killed Blork the orc
  4647 | D:5      | Reached skill level 7 in Shields
  4655 | D:5      | Noticed Prince Ribbit
  4973 | D:5      | HP: 1/71 [ogre/giant club (6)]
  4974 | D:5      | Gained mutation: You have a pair of small antennae on your head. [potion of mutation]
  4974 | D:5      | Gained mutation: Scrolls take you a little longer to read. [potion of mutation]
  4974 | D:5      | Gained mutation: You are clumsy. (Dex -2) [potion of mutation]
  5342 | Temple   | Entered the Ecumenical Temple
  5823 | D:6      | Found a deep blue altar of Sif Muna.
  5845 | D:6      | Reached XP level 9. HP: 77/78 MP: 9/9
  6155 | D:6      | Got a spiked ring mail
  6166 | D:6      | Identified the +3 ring mail of the Special Ships {rPois rC++ Int-5 Stlth+} (You found it on level 6 of the Dungeon)
  6374 | D:6      | Reached skill level 8 in Shields
  6410 | D:6      | Reached skill level 5 in Long Blades
  6414 | D:6      | Reached * piety under Beogh
  6968 | D:7      | Learned a level 2 spell: Corpse Rot
  7313 | D:7      | Found a shadowy altar of Dithmenos.
  7314 | D:7      | Found a bloodstained altar of Trog.
  7678 | D:8      | Reached ** piety under Beogh
  7747 | D:8      | Reached skill level 1 in Stealth
  8014 | D:8      | Noticed a red ugly thing
  8019 | D:8      | Banished a red ugly thing
  8019 | D:8      | Reached skill level 9 in Shields
  8052 | D:8      | Found Meurusm's Distillery.
  8092 | D:8      | Reached XP level 10. HP: 53/86 MP: 10/10
  9006 | D:8      | Found an opulent altar of Gozag.
  9250 | D:9      | Found a staircase to the Lair.
  9418 | Lair:1   | Entered Level 1 of the Lair of Beasts
  9418 | Lair:1   | Found a snail-covered altar of Cheibriados.
  9435 | Lair:1   | Slain by a blink frog

Vault maps used:
D:1:      onia_arrival_larder
D:3:      old_standard_altar, first_bread, uniq_grinder
D:5:      kennysheep_mini, grunt_temple_overflow_open,
          minmay_temple_entry_statues, gup_sewer_entry_spiral,
          uniq_prince_ribbit1, uniq_edmund, uniq_sigmund, uniq_blork_the_orc
D:6:      nicolae_overflow_crystal_walls
D:7:      gammafunk_temple_overflow_pools
D:8:      kennysheep_little_box, serial_shops, shop_statue
D:9:      minmay_lair_entry_lava
Temple:   jpeg_temple_alley_garden_8
Lair:1:   basic_altar, roderic_batcave

Skill      XL: |  1  2  3  4  5  6  7  8  9 10 |
---------------+-------------------------------+-----
Fighting       | 4 5 6 7 8 |  8.0
Axes           | 3 4 5 |  5.8
Shields        | 4 5 6 7 9 |  9.5
Armour         | 4 5 6 7 |  7.0
Slings         | 1 |  1.0
Long Blades    | 1 4 6 |  6.6
Dodging        | 1 3 |  3.3
Stealth        | 1 2 |  2.0
Spellcasting   | |  0.5
Necromancy     | |  0.2

Action                   |  1- 3 |  4- 6 |  7- 9 | 10-12 || total
-------------------------+-------+-------+-------+-------++-------
Melee: War axe           |   163 |   120 |    59 |       ||   342
       Long sword        |       |       |   376 |    59 ||   435
 Fire: Hunting sling     |     7 |    12 |       |       ||    19
Invok: Convert to Beogh  |       |       |     1 |       ||     1
  Use: Potion            |       |     2 |     7 |       ||     9
       Scroll            |       |       |    10 |       ||    10
 Stab: Sleeping          |       |       |     1 |     1 ||     2
       Distracted        |       |       |     1 |       ||     1
  Eat: Chunk             |     1 |     5 |     8 |       ||    14
       Meat ration       |       |       |     2 |     1 ||     3
       Fruit             |       |       |     2 |       ||     2
       Royal jelly       |       |       |     1 |       ||     1
